 Dungeon Crawl Stone Soup version 0.20.0-15-g7f486f2 (webtiles) character file.

94 Darkell the Ruffian (level 4, 0/40 HPs)
             Began as a Naga Transmuter on June 15, 2017.
             Slain by a quokka (4 damage)
             ... on level 2 of the Dungeon.
             The game lasted 00:03:13 (1792 turns).

Darkell the Ruffian (Naga Transmuter)               Turns: 1792, Time: 00:03:14

Health: 0/40       AC:  2    Str: 13    XL:     4   Next: 63%
Magic:  6/7        EV: 10    Int: 14    God:
Gold:   33         SH:  0    Dex: 11    Spells: 1/7 levels left

rFire    . . .     SeeInvis +     - Unarmed
rCold    . . .     Gourm    .   (no shield)
rNeg     . . .     Faith    .   b - +0 robe
rPois    +         Spirit   .   (no helmet)
rElec    .         Reflect  .   p - scarf {repulsion}
rCorr    .         Harm     .   (no gloves)
MR       .....                  (no barding)
Stlth    +.........             (no amulet)
Regen    0.2/turn               (no ring)
MPRegen  0.1/turn               (no ring)

@: appendage, repel missiles, very slow
A: horns 2, see invisible, deformed body, poison resistance, slowness 2, slow
metabolism 1, spit poison 1, AC +1
a: Spit Poison, End Transformation


You were on level 2 of the Dungeon.
You were not hungry.
You had grown temporary horns.
You visited 1 branch of the dungeon, and saw 2 of its levels.

You collected 33 gold pieces.

Inventory:

Missiles
 a - 12 arrows
Armour
 b - a +0 robe (worn)
 o - a +0 cloak of magic resistance
 p - a scarf of repulsion (worn)
Jewellery
 i - an uncursed ring of ice
Scrolls
 f - a scroll of enchant weapon {unknown}
 h - a scroll of remove curse {unknown}
 n - a scroll of fear {unknown}
 q - a scroll of teleportation {unknown}
Potions
 e - a potion of magic {unknown}
 j - a potion of degeneration {unknown}
 k - 3 potions of curing
 l - a potion of flight {unknown}
 m - a potion of resistance {unknown}
Books
 c - a book of Changes

   Spells                             Type                      Level
   a - Beastly Appendage              Transmutation                1
   b - Sticks to Snakes               Transmutation                2
   c - Spider Form                    Transmutation/Poison         3
   d - Ice Form                       Ice/Transmutation            4
   e - Blade Hands                    Transmutation                5
Comestibles
 d - 3 bread rations
 g - 2 meat rations


   Skills:
 + Level 2.5 Fighting
 + Level 2.2 Dodging
 + Level 3.5 Unarmed Combat
 - Level 2.0 Spellcasting
 + Level 2.8 Transmutations


You had one spell level left.
You knew the following spells:

 Your Spells              Type           Power        Failure   Level  Hunger
a - Beastly Appendage     Tmut           #.....       8%          1    ##.....
b - Sticks to Snakes      Tmut           #.......     12%         2    ###....
c - Spider Form           Tmut/Pois      #.........   38%         3    ####...


Dungeon Overview and Level Annotations

Branches:
Dungeon (2/15)

Altars:


Innate Abilities, Weirdness & Mutations

You cannot wear boots.
Your serpentine skin is tough. (AC +1)
You have supernaturally acute eyesight. (SInv)
Armour fits poorly on your strangely shaped body.
Your system is resistant to poisons. (rPois)
You cover ground very slowly.
You have a slow metabolism.
You can spit poison.
You have a pair of horns on your head.


Message History

The splash of poison misses the bat.
You feel slightly more hungry. The bat barely misses you.
The bat completely misses you. The bat closely misses you.
You hit the bat.
You kill the bat!
You start resting.
Eating a chunk of flesh.
You eat the chunk of flesh.
This raw flesh tastes terrible.
You have got your breath back.
You start resting.
A quokka comes into view.
Casting: Spider Form
Confirm with . or Enter, or press ? or * to list all spells.
You grow a pair of large bovine horns.
The quokka bites you.
* * * LOW HITPOINT WARNING * * *
Unknown command.
You closely miss the quokka. Your headbutt misses the quokka.
The quokka barely misses you.
You miss the quokka. The quokka bites you.
You die...

.........##.##.#.##.......#.#
............#.#...........#.#
.........#..##...##.......#.#
....####.#..###.###########.#
##### .........# .....#
.##...##..####.# ##### # ##
#...##.......# #......#r#####
. #......†@########
........†.).(..(..#
##..#.#.#.#######.#
.........(# #####.(###
8.8.8...# .........
........## .........


You could see a quokka.

Vanquished Creatures
  Ijyb (D:2)
  An adder (D:2)
  A dart slug (D:1)
  2 leopard geckos (D:1)
  5 bats
  3 giant cockroaches (D:1)
  12 goblins
  3 hobgoblins
  4 jackals (D:1)
  2 frilled lizards (D:1)
  3 kobolds
  19 rats
56 creatures vanquished.

Notes
Turn   | Place    | Note
-------+----------+-------------------------------------------
     0 | D:1      | Darkell the Naga Transmuter began the quest for the Orb.
     0 | D:1      | Reached XP level 1. HP: 18/18 MP: 3/3
   165 | D:1      | Reached XP level 2. HP: 16/25 MP: 5/5
   719 | D:1      | Reached XP level 3. HP: 20/32 MP: 4/6
  1169 | D:1      | Learned a level 2 spell: Sticks to Snakes
  1173 | D:1      | Learned a level 3 spell: Spider Form
  1618 | D:2      | Reached XP level 4. HP: 39/39 MP: 7/7
  1753 | D:2      | Noticed Ijyb
  1765 | D:2      | Killed Ijyb
  1792 | D:2      | Slain by a quokka

Skill      XL: |  1  2  3 |
---------------+----------+-----
Fighting       | 2 |  2.5
Dodging        | 2 |  2.2
Unarmed Combat | |  3.5
Spellcasting   | |  2.0
Transmutations | |  2.8

Action                   |  1- 3 |  4- 6 || total
-------------------------+-------+-------++-------
Melee: Unarmed           |   160 |    31 ||   191
       Headbutt          |     8 |     2 ||    10
       Punch             |     2 |       ||     2
 Cast: Beastly Appendage |    13 |     4 ||    17
       Spider Form       |       |     1 ||     1
 Abil: Spit Poison       |     5 |     2 ||     7
  Use: Potion            |     1 |       ||     1
 Stab: Sleeping          |     1 |       ||     1
  Eat: Chunk             |     2 |     1 ||     3
Armor: Robe              |    22 |     3 ||    25
Dodge: Dodged            |   100 |    29 ||   129
       Deflected         |     2 |     2 ||     4
